 Dungeon Crawl Stone Soup version 0.28.0 (webtiles) character file.

Game seed: 3376727493957599753

6232 BeingJoeMalik the Destroyer (level 10, -3/58 HPs)
             Began as a Tengu Conjurer on Feb 13, 2022.
             Was a Priest of Sif Muna.
             Shot with an arrow by a centaur (14 damage)
             ... on level 9 of the Dungeon.
             The game lasted 00:48:16 (13478 turns).

BeingJoeMalik the Destroyer (Tengu Conjurer)       Turns: 13478, Time: 00:48:18

Health: -3/58      AC:  4    Str: 13    XL:     10   Next: 92%
Magic:  16/22      EV: 18    Int: 21    God:    Sif Muna [***...]
Gold:   399        SH:  0    Dex: 13    Spells: 7/24 levels left

rFire   . . .      SeeInvis .   p - +11 spear of the Dwarven Hall {vorpal, Str+4 Stlth+}
rCold   . . .      Faith    .   (no shield)
rNeg    . . .      Spirit   .   a - +0 robe
rPois   .          Reflect  .   t - +1 hat
rElec   .          Harm     .   c - +0 cloak
rCorr   .          Rampage  .   (no gloves)
Will    .....                   (boots unavailable)
Stlth   +++.......              (no amulet)
HPRegen 0.19/turn               v - +4 ring of evasion
MPRegen 0.18/turn               x - ring of wizardry

@: flying quickly and evasively, quick
A: beak, talons 3, nimble flight
a: Renounce Religion, Channel Magic, Forget Spell


You were on level 9 of the Dungeon.
You worshipped Sif Muna.
Sif Muna was most pleased with you.
You visited 2 branches of the dungeon, and saw 10 of its levels.
You also visited: Sewer.

You collected 399 gold pieces.

Inventory:

Hand Weapons
 b - a +2 vorpal dagger
 f - a +2 vampiric dagger
 p - the +11 spear of the Dwarven Hall (weapon) {vorpal, Str+4 Stlth+}
   (You found it on level 3 of the Dungeon)

   It inflicts extra damage upon your enemies.
   Str:       It affects your strength (+4).
   Stlth:     It makes you more stealthy.
Missiles
 w - 31 poisoned darts (quivered)
 B - 3 throwing nets
Armour
 a - a +0 robe (worn)
 c - a +0 cloak (worn)
 t - a +1 hat (worn)
Magical Staves
 m - a staff of cold
 q - a staff of fire
Jewellery
 v - a +4 ring of evasion (left hand)
 x - a ring of wizardry (right hand)
Wands
 z - a wand of flame (27)
 A - a wand of paralysis (7)
 C - a wand of acid (9)
Scrolls
 i - 3 scrolls of blinking
 j - 2 scrolls of teleportation
 n - a scroll of holy word
 s - 2 scrolls of fear
 y - 4 scrolls of magic mapping
 D - 3 scrolls of identify
Potions
 d - a potion of cancellation
 e - a potion of invisibility
 g - 3 potions of ambrosia
 h - a potion of heal wounds {unknown}
 k - 2 potions of attraction
 l - 3 potions of haste
 o - 2 potions of mutation
 r - a potion of brilliance
 u - 2 potions of curing
 E - a potion of lignification {unknown}


   Skills:
 * Level 4.9 Fighting
 * Level 5.1 Polearms
 * Level 2.2 Dodging
 - Level 2.0 Stealth
 + Level 7.9 Spellcasting
 + Level 11.5 Conjurations
 - Level 4.1 Summonings
 - Level 5.4 Necromancy
 * Level 0.1 Ice Magic
 * Level 6.6 Air Magic
 - Level 3.1 Poison Magic


You had 7 spell levels left.
You knew the following spells:

 Your Spells              Type           Power      Damage    Failure   Level
a - Magic Dart            Conj           100%       1d8       1%          1
b - Searing Ray           Conj           100%       2d8       1%          2
c - Call Imp              Summ           25%        N/A       1%          2
d - Animate Skeleton      Necr           62%        N/A       1%          1
e - Mephitic Cloud        Conj/Pois/Air  38%        N/A       1%          3
f - Vampiric Draining     Necr           31%        2d8       1%          3
g - Freezing Cloud        Conj/Ice/Air   17%        6-21      8%          5

Your spell library contained the following spells:

 Spells                   Type           Power      Damage    Failure   Level
 Pain                     Necr           100%       1d9       1%          1
 Dazzling Flash           Conj/Hex       64%        N/A       1%          3
 Swiftness                Air            36%        N/A       1%          3
 Fulminant Prism          Conj/Hex       16%        3d11      3%          4
 Iskenderun's Mystic Bla  Conj/Tloc      32%        2d8       3%          4
 Ensorcelled Hibernation  Hex/Ice        16%        N/A       4%          2
 Passwall                 Tmut/Erth      6%         N/A       4%          2
 Ignite Poison            Fire/Tmut/Pois 12%        N/A       6%          3
 Ozocubu's Armour         Ice            9%         N/A       9%          3
 Metabolic Englaciation   Hex/Ice        4%         N/A       61%         5
 Lee's Rapid Deconstruct  Erth           4%         3d6*      63%         5
 Simulacrum               Ice/Necr       10%        N/A       80%         6


Dungeon Overview and Level Annotations

Branches:
Dungeon (9/15)             Temple (1/1) D:6            Lair (0/6) D:8
  Sewer (visited)
    Orc: D:9-12

Altars:
Cheibriados
Dithmenos
Elyvilon
Fedhas
Gozag
Hepliaklqana
Makhleb
Nemelex Xobeh
Okawaru
Qazlal
Ru
Sif Muna
Trog
Uskayaw
Vehumet
Wu Jian
Xom
Yredelemnul
Zin
The Shining One

Shops:
D:9 [

Annotations:
D:4 1 runed translucent door, a3don's ghost, amateur HOFi
D:6 exclusion: downstairs


Innate Abilities, Weirdness & Mutations

You have a beak for a mouth.
You have claws for feet.
Your magical nature lets you fly swiftly and evasively.


Message History

Things that are here:
a +0 flail; a +0 chain mail; an orc corpse The centaur shoots an arrow.
The arrow closely misses you.
Unknown command.
Unknown command.
Casting: Searing Ray (safe; 1% risk of failure)
Confirm with . or Enter, or press ? or * to list all spells.
You can't see any susceptible monsters within range! (Use Z to cast anyway.)
The centaur shoots an arrow.
The arrow misses you. The arrow barely misses your white imp.
The centaur shoots an arrow.
The arrow hits you!
The centaur shoots an arrow.
The arrow hits you!
* * * LOW HITPOINT WARNING * * *
Casting: Searing Ray (safe; 1% risk of failure)
Confirm with . or Enter, or press ? or * to list all spells.
You can't see any susceptible monsters within range! (Use Z to cast anyway.) Unknown command.
Casting: Searing Ray (safe; 1% risk of failure)
Confirm with . or Enter, or press ? or * to list all spells.
Aiming: Mephitic Cloud (safe; 1% risk of failure)
Press: ? - help, Shift-Dir - straight line, f - centaur
Aim: a centaur, wielding a +0 shortbow and quivering arrows (chance to affect: 81%)
The ball explodes into a vile cloud!
The stinking cloud engulfs the centaur but does no damage.
You hear a shout!
You hear an angry buzzing noise. x2
The centaur is engulfed in noxious fumes.
The centaur appears confused.
Unknown command.
Unknown command.
Your white imp gestures at the centaur.
The puff of frost hits the centaur.
Things that are here:
a +0 flail; a +0 scale mail The centaur wields a +0 shortbow.
The centaur shoots an arrow.
The arrow completely misses you.
Your white imp gestures at the centaur.
The puff of frost hits the centaur!
The centaur is engulfed in noxious fumes.
The centaur shoots an arrow.
The arrow hits you!
You die...

.# #...###.......<.°..........
.###....#.........☼....c...c..
.................○c.....(.....
..................5...........
......................#.......
.....................###....#
.................)....#.....#
..............#.....).).....#
.............###@.............
..............#...............
......###..............)......
......# #.....................
.#....###.....................
###...............###.........
#................# #.........
..............(...# ..
....................


You could see 2 centaurs and a friendly white imp (summoned).

Vanquished Creatures
  Harold (D:8)
  Psyche (D:9)
  Prince Ribbit (D:9)
  A hornet (D:7)
  A slime creature (D:9)
  A wraith (D:7)
  A wyvern (D:8)
  Eustachio (D:5)
  4 yaks (D:8)
  A human (D:8)
  2 steam dragons
  3 water moccasins
  An orc warrior (D:7)
  3 sky beasts
  A necrophage (D:4)
  2 ogres (D:6)
  A centaur (D:6)
  A kobold brigand (D:8)
  3 bullfrogs
  3 scorpions
  A water moccasin skeleton (D:7)
  3 wights (D:8)
  3 electric eels (D:7)
  3 howler monkeys
  2 centaur zombies (D:9)
  2 jellies
  2 centaur skeletons
  2 orc priests
  6 hounds
  2 iguanas
  3 orc wizards
  2 killer bee zombies
  A hound skeleton (D:4)
  Robin (D:2)
  9 gnolls
  2 howler monkey skeletons
  9 adders
  A white imp (D:8)
  A worm (D:2)
  11 dart slugs
  21 orcs
  2 endoplasms
  9 giant cockroaches
  14 goblins
  13 hobgoblins
  4 jackals (D:4)
  5 quokkas (Sewer)
  10 ball pythons
  5 bats
  8 frilled lizards
  13 kobolds
  6 rats
209 creatures vanquished.

Vanquished Creatures (collateral kills)
  A human (D:8)
  An orc warrior (D:9)
  A necrophage (D:6)
  A centaur (D:9)
  A kobold brigand (D:9)
  A bullfrog (D:8)
6 creatures vanquished.

Vanquished Creatures (others)
  An electric eel (D:7)
1 creature vanquished.

Grand Total: 216 creatures vanquished

Notes
Turn   | Place    | Note
-------+----------+-------------------------------------------
     0 | D:1      | BeingJoeMalik the Tengu Conjurer began the quest for the
                  | Orb.
     0 | D:1      | Reached XP level 1. HP: 10/10 MP: 4/4
   350 | D:1      | Reached XP level 2. HP: 15/15 MP: 1/6
   353 | D:1      | Learned a level 2 spell: Searing Ray
   563 | D:1      | Found a faded altar of an unknown god.
   563 | D:1      | Noticed an Executioner
   752 | D:2      | Reached skill level 6 in Conjurations
  1023 | D:2      | Reached XP level 3. HP: 20/20 MP: 0/7
  1512 | D:2      | Noticed Robin
  1618 | D:2      | Killed Robin
  1619 | D:2      | Reached skill level 7 in Conjurations
  1619 | D:2      | Reached XP level 4. HP: 12/24 MP: 0/8
  1642 | D:2      | Reached skill level 1 in Fighting
  1831 | D:2      | Learned a level 2 spell: Call Imp
  2260 | D:3      | You fall into a shaft and drop 1 floor!
  2414 | D:4      | Found a shimmering blue altar of Sif Muna.
  2423 | D:4      | Became a worshipper of Sif Muna the Loreminder
  2460 | D:4      | Gained mutation: Your magical nature lets you fly swiftly
                  | and evasively. [Tengu growth]
  2460 | D:4      | Reached XP level 5. HP: 29/29 MP: 3/9
  2537 | D:4      | Noticed a necrophage
  2616 | D:4      | Killed a necrophage
  2617 | D:4      | Reached skill level 8 in Conjurations
  2617 | D:4      | Reached skill level 1 in Summonings
  2617 | D:4      | Reached XP level 6. HP: 19/34 MP: 0/11
  2881 | D:4      | Noticed a3don's ghost (amateur HOFi)
  2882 | D:4      | Found a runed translucent door.
  2940 | D:4      | Found a glowing drain.
  2956 | Sewer    | Entered a sewer
  3025 | Sewer    | Learned a level 1 spell: Animate Skeleton
  3029 | Sewer    | Learned a level 3 spell: Mephitic Cloud
  3279 | Sewer    | Reached * piety under Sif Muna
  3608 | D:4      | Reached skill level 9 in Conjurations
  3972 | D:3      | Reached skill level 1 in Necromancy
  4077 | D:3      | Identified the +11 spear of the Dwarven Hall {vorpal, Str+4
                  | Stlth+}
  4933 | D:3      | Reached XP level 7. HP: 32/38 MP: 4/12
  5270 | D:4      | Reached skill level 1 in Air Magic
  5387 | D:4      | Reached skill level 1 in Poison Magic
  5941 | D:5      | Entered Level 5 of the Dungeon
  5990 | D:5      | Noticed Eustachio
  6028 | D:5      | Killed Eustachio
  6029 | D:5      | Reached skill level 1 in Polearms
  6029 | D:5      | Reached XP level 8. HP: 14/43 MP: 1/15
  6256 | D:5      | Learned a level 3 spell: Vampiric Draining
  6545 | D:5      | Noticed a two-headed ogre
  6551 | D:5      | Reached skill level 10 in Conjurations
  7185 | D:6      | Reached ** piety under Sif Muna
  7699 | D:6      | Reached skill level 5 in Spellcasting
  7922 | D:6      | Reached XP level 9. HP: 20/49 MP: 10/17
  8122 | D:6      | Found a staircase to the Ecumenical Temple.
  8129 | Temple   | Entered the Ecumenical Temple
  8316 | D:6      | Reached skill level 11 in Conjurations
  9280 | D:7      | Noticed a hornet
  9401 | D:7      | Killed a hornet
 10442 | D:8      | Found a stormy altar of Qazlal.
 10442 | D:8      | Found a radiant altar of Vehumet.
 10508 | D:8      | Found a staircase to the Lair.
 10521 | D:8      | Reached *** piety under Sif Muna
 10522 | D:8      | Reached skill level 5 in Air Magic
 11348 | D:8      | Noticed Harold
 11375 | D:8      | Killed Harold
 11376 | D:8      | Reached XP level 10. HP: 18/56 MP: 2/21
 12509 | D:8      | Reached skill level 5 in Necromancy
 12691 | D:8      | Found an iron altar of Okawaru.
 12939 | D:9      | Found Zioll's Armour Emporium.
 12946 | D:9      | Noticed Psyche
 12963 | D:9      | Killed Psyche
 12988 | D:9      | Noticed Prince Ribbit
 12996 | D:9      | Killed Prince Ribbit
 13091 | D:9      | Reached skill level 5 in Polearms
 13384 | D:9      | Learned a level 5 spell: Freezing Cloud
 13478 | D:9      | Shot with an arrow by a centaur

Illustrated notes

Levels and vault maps discovered:
D:1:      arrival_zaba_pyramid, layout_basic,
          dreamdust_ecumenical_altar_sealed_demon
D:2:      layout_basic, uniq_robin
D:3:      layout_basic, supply_closet_lemuel, kennysheep_donut, glass_columns_b,
          minmay_tree_intersection, hex_medium, nrook_campfire
D:4:      layout_basic, mainiacjoe_overflow_tiny_flanked, portal_sewer_entry_b,
          hellmonk_ghost_happy_afterlife, hangedman_abyss_or_decor_stagger
D:5:      layout_basic, ashenzari_conservatory_becter, uniq_eustachio
D:6:      layout_rooms, minmay_temple_entry_crystal_x
D:7:      kennysheep_slugbush, layout_basic, serial_curves, eino_curves_04,
          eino_curves_01, eino_curves_02, eino_curves_01, moated_statue
D:8:      layout_basic, gammafunk_temple_overflow_pools, okawaru_humans,
          uniq_harold
D:9:      layout_big_octagon, mainiacjoe_overflow_concentric_impassable,
          serial_shops, nicolae_take_the_stairs, gammafunk_ghost_grave,
          uniq_prince_ribbit1, uniq_psyche
Temple:   minmay_temple_bridge_d

Skill      XL: |  1  2  3  4  5  6  7  8  9 10 |
---------------+-------------------------------+-----
Conjurations   | 6 7 8 9 10 11 | 11.5
Fighting       | 1 2 4 |  4.9
Summonings     | 1 2 3 4 |  4.1
Spellcasting   | 3 4 5 7 |  7.9
Necromancy     | 1 2 4 5 |  5.4
Air Magic      | 2 3 5 6 |  6.6
Poison Magic   | 1 3 |  3.1
Polearms       | 1 2 4 5 |  5.1
Dodging        | |  2.2
Stealth        | |  2.0
Ice Magic      | |  0.1

Action                   |  1- 3 |  4- 6 |  7- 9 | 10-12 || total
-------------------------+-------+-------+-------+-------++-------
Melee: Dagger            |     6 |    16 |       |       ||    22
       Kick              |     3 |     4 |     3 |     8 ||    18
       Peck              |     1 |     6 |     5 |     7 ||    19
       Spear             |       |     2 |    24 |    25 ||    51
       Punch             |       |       |       |     1 ||     1
 Cast: Magic Dart        |    60 |   128 |   163 |    80 ||   431
       Searing Ray       |     3 |    11 |    48 |    21 ||    83
       Animate Skeleton  |       |     9 |     2 |     3 ||    14
       Call Imp          |       |     1 |    12 |    12 ||    25
       Mephitic Cloud    |       |       |     7 |    10 ||    17
  Use: Scroll            |       |     6 |    12 |       ||    18
       Potion            |       |       |     1 |       ||     1
 Stab: Distracted        |       |       |     1 |       ||     1
       Confused          |       |       |     1 |     2 ||     3
Armor: Robe              |     1 |     3 |    16 |     4 ||    24
Dodge: Dodged            |     2 |    28 |    85 |    42 ||   157
